 Dungeon Crawl Stone Soup version 0.29-a0-1052-g6990b1bffc (webtiles) character file.

Game seed: 18087718464778011950

32 ytrimaz the Insei (level 3, 0/23 HPs)
             Began as an Octopode Transmuter on Aug 18, 2022.
             Slain by Terence
             ... wielding a +0 mace
              (4 damage)
             ... on level 2 of the Dungeon.
             The game lasted 00:02:17 (1318 turns).

ytrimaz the Insei (Octopode Transmuter)             Turns: 1318, Time: 00:02:18

Health: 0/23       AC:  1    Str:  9    XL:     3   Next: 27%
Magic:  5/6        EV: 13    Int: 17    God:
Gold:   72         SH:  0    Dex: 12    Spells: 3/6 levels left

rFire   . . .      SeeInvis .     - Unarmed
rCold   . . .      Faith    .   (no shield)
rNeg    . . .      Spirit   .   (helmet currently unavailable)
rPois   .          Reflect  .   (no amulet)
rElec   .          Harm     .   (no ring)
rCorr   .          Rampage  .   (no ring)
Will    .....                   (no ring)
Stlth   ++........              (no ring)
HPRegen 0.07/turn               (no ring)
MPRegen 0.10/turn               (no ring)
                                (no ring)
                                (no ring)

@: appendages
A: tentacle spike 3, almost no armour, amphibious, 8 rings, camouflage 1,
gelatinous body 1, (nimble swimmer 1), tentacles
a: End Transformation


You were on level 2 of the Dungeon.
One of your tentacles had grown a beastly spike.
You visited 1 branch of the dungeon, and saw 2 of its levels.

You collected 72 gold pieces.

Inventory:

Potions
 a - a potion of lignification


   Skills:
 + Level 1.1 Fighting
 + Level 2.5 Dodging
 + Level 3.9 Unarmed Combat
 - Level 2.0 Spellcasting
 - Level 2.0 Transmutations


You had 3 spell levels left.
You knew the following spells:

 Your Spells              Type           Power      Damage    Failure   Level
a - Beastly Appendage     Tmut           16%        N/A       9%          1
b - Wereblood             Tmut           8%         N/A       13%         2

Your spell library contained the following spells:

 Spells                   Type           Power      Damage    Failure   Level
 Spider Form              Tmut/Pois      5%         N/A       36%         3
 Ice Form                 Ice/Tmut       5%         N/A       77%         4


Dungeon Overview and Level Annotations

Branches:
Dungeon (2/15)

Altars:

Annotations:
D:2 Terence


Innate Abilities, Weirdness & Mutations

One of your tentacles has grown a beastly spike.
You cannot wear most types of armour.
You are amphibious.
You can wear up to eight rings at the same time.
Your skin changes colour to match your surroundings (Stealth+).
Your rubbery body absorbs attacks. (AC +1, EV +1)
((You are camouflaged when in or above water. (Stealth+)))
You have tentacles for arms and can constrict up to eight enemies at once.


Message History

Okay, then.
Okay, then.
Done exploring.
Done exploring.
Done exploring.
You see here a +0 club.
There is a stone staircase leading down here.
You can't go up here!
You climb downwards.
There is a stone staircase leading up here.
Found a sling.
Terence the Incautious comes into view.
He is wielding a +0 mace.
Terence is nearby!
Terence is nearby!
One of your tentacles grows a vicious spike.
Terence shouts!
Terence shouts, "ATTACK!!!"
You closely miss Terence. Your grab misses Terence.
Your tentacle spike misses Terence.
You tentacle-slap Terence but do no damage.
Your grab misses Terence.
You pierce Terence, but do no damage.
You squeeze Terence.
Terence is lightly wounded.
Terence misses you.
You tentacle-slap Terence but do no damage.
You grab Terence.
Terence is lightly wounded.
You constrict Terence, but do no damage.
Terence shouts, "DIE!!!"
Terence hits you with a +0 mace!
You tentacle-slap Terence but do no damage.
Terence is lightly wounded.
You constrict Terence, but do no damage.
Terence hits you with a +0 mace!
* * * LOW HITPOINT WARNING * * *
You tentacle-slap Terence. You squeeze Terence!
Terence is severely wounded.
You constrict Terence, but do no damage.
Terence hits you with a +0 mace.
You die...

........
....#.##
...#..# #
..#..# #.
#.#..###.#
#.#.#..... ##
##.....###....
#...@.....)..#
#.#@.#.#####.#
.....#.#
#..#..#.#
#..##.#.# #.
#.#.#####..# #
#.#..<....^#
#.#######.##


You could see Terence.

Vanquished Creatures
  A gnoll (D:1)
  2 dart slugs (D:1)
  4 ball pythons (D:1)
  2 endoplasms (D:1)
  2 giant cockroaches (D:1)
  A goblin (D:1)
  3 hobgoblins (D:1)
  A bat (D:1)
  A rat (D:1)
17 creatures vanquished.

Notes
Turn   | Place    | Note
-------+----------+-------------------------------------------
     0 | D:1      | ytrimaz the Octopode Transmuter began the quest for the
                  | Orb.
     0 | D:1      | Reached XP level 1. HP: 13/13 MP: 3/3
    17 | D:1      | Noticed a minotaur skeleton
    56 | D:1      | Reached XP level 2. HP: 8/18 MP: 1/5
   235 | D:1      | Learned a level 2 spell: Wereblood
  1131 | D:1      | Reached XP level 3. HP: 15/23 MP: 3/6
  1310 | D:2      | Noticed Terence
  1318 | D:2      | Slain by Terence

Illustrated notes

Levels and vault maps discovered:
D:1:      shiori_arrival_whats_in_store_for_you, layout_loops_ring
D:2:      layout_loops_ring, uniq_terence

Action                   || total
-------------------------++-------
Melee: Unarmed           ||    35
       Tentacles         ||    10
       Constrict         ||    14
       Kick              ||    10
 Cast: Beastly Appendage ||    14
 Stab: Sleeping          ||     2
Armor: Skin              ||     2
Dodge: Dodged            ||    24

Table legend: (Time is in decaauts)
 A = Elapsed time spent in this place.
 B = Non-inter-level travel time spent in this place.
 C = Inter-level travel time spent in this place.
 D = Time resting spent in this place.
 E = Time spent auto-exploring this place.
 F = Levels seen in this place.
 G = Mean time per level.
                   A        B        C        D        E       F      G
               +--------+--------+--------+--------+--------+-----+--------+
         Total |   1315 |   1257 |     58 |      0 |   1125 |   2 |  657.5 |
       Dungeon |   1315 |   1257 |     58 |      0 |   1125 |   2 |  657.5 |
               +--------+--------+--------+--------+--------+-----+--------+

Top non-repeatable levels by time:
     D:1: 1300 daAuts
     D:2: 15 daAuts
